AoeStats
← UMMA KHAN

Arabia

510960787Analyzed
1v1 RM · 11h ago on Oct 3, 2026· 57m 3s· 2 players
Game mode
Random Map
Map size
Tiny (2 player)
Population
200
Speed
Normal
Resources
Standard
Victory
Conquest
Starting age
Dark Age
Ending age
Imperial Age
RankedLock teamsTeams togetherTeam positionsShared explorationLock speedFull tech treeHidden civsTurbo modeCheats
Victory
Defeat
🇷🇴 Goths · Romania
558
+11
🇷🇺 Britons · Russia
442
-11
danielcrisan93
10:20 Loom
12:05 Feudal Age
13:34 Double-Bit Axe
14:01 Man-at-Arms
27:51 Castle Age
33:03 Scale Barding Armor
33:08 Forging
33:00 Scale Mail Armor
42:14 Imperial Age
41:58 Anarchy
52:47 Iron Casting
52:28 Chain Mail Armor
54:07 Cavalier
UMMA KHAN
9:14 Loom
11:29 Feudal Age
12:54 Wheelbarrow
12:08 Double-Bit Axe
18:18 Town Watch
21:34 Fletching
21:41 Gold Mining
24:38 Castle Age
22:32 Horse Collar
25:21 Bodkin Arrow
25:37 Heavy Plow
25:53 Bow Saw
25:42 Stone Mining
26:16 Hand Cart
29:07 Gold Shaft Mining
31:13 Gold Shaft Mining
32:37 Treadmill Crane
35:20 Masonry
35:07 Murder Holes
35:23 Fortified Wall
37:29 Padded Archer Armor
37:52 Ballistics
45:17 Imperial Age
43:33 Fervor
44:21 Yeomen
44:36 Town Patrol
45:55 Leather Archer Armor
46:28 Warwolf
47:33 Chemistry
47:48 Conscription
48:04 Hoardings
48:03 Bracer
50:26 Arrowslits
52:11 Ring Archer Armor
53:09 Elite Longbowman
Connection lost

Rejoining the realm…

Still unreachable

The connection could not be restored.

Session expired

The server has moved on; the page needs a fresh start.